AoeStats
← Chigüiro

Arena

508992859Analyzed
4v4 RM · 7d ago on Sep 25, 2026· 57m 8s· 8 players
Game mode
Random Map
Map size
Large (8 player)
Population
200
Speed
Normal
Resources
Standard
Victory
Conquest
Starting age
Dark Age
Ending age
Imperial Age
RankedLock teamsTeams togetherTeam positionsShared explorationLock speedFull tech treeHidden civsTurbo modeCheats
Victory
Defeat
🇧🇷 Ethiopians · Brazil
1615
+13
🇧🇷 Khmer · Brazil
1547
+16
🇨🇴 Britons · Colombia
1507
+18
🇨🇴 Danes · Colombia
1506
+17
🇲🇽 Spanish · Mexico
1566
-17
🇨🇳 Turks · China
1542
-16
🇲🇽 Khmer · Mexico
1535
-16
1523
-15
Duaaa
10:56 Feudal Age
12:19 Double-Bit Axe
14:57 Castle Age
15:04 Horse Collar
16:15 Bow Saw
16:13 Town Watch
23:33 Wheelbarrow
25:39 Gold Mining
26:18 Padded Archer Armor
28:31 Heavy Plow
29:23 Leather Archer Armor
31:00 Loom
34:16 Imperial Age
32:59 Scale Barding Armor
33:05 Forging
35:07 Chain Barding Armor
35:23 Iron Casting
34:47 Stone Mining
35:26 Bloodlines
35:17 Husbandry
35:48 Ring Archer Armor
35:55 Conscription
36:25 Plate Barding Armor
35:35 Light Cavalry
36:48 Fortified Wall
36:49 Masonry
36:38 Hussar
38:40 Iron Casting
41:50 Blast Furnace
41:03 Fletching
42:13 Ballistics
43:20 Hand Cart
45:52 Pikeman
46:33 Squires
46:26 Onager
CAXCAN
11:00 Feudal Age
11:07 Feudal Age
14:27 Castle Age
13:27 Loom
13:30 Double-Bit Axe
13:27 Horse Collar
14:40 Bloodlines
19:28 Loom
19:51 Devotion
22:47 Husbandry
22:08 Light Cavalry
23:51 Scale Barding Armor
24:56 Forging
27:11 Chain Barding Armor
27:27 Iron Casting
32:28 Imperial Age
31:57 Wheelbarrow
33:59 Plate Barding Armor
34:25 Blast Furnace
34:03 Hand Cart
35:11 Elite Battle Elephant
38:43 Fletching
42:09 Tusk Swords
41:40 Capped Ram
46:08 Heavy Plow
48:45 Heavy Scorpion
Yucatan_water_supremacy
12:57 Feudal Age
14:19 Double-Bit Axe
17:05 Castle Age
15:09 Gold Mining
18:13 Bow Saw
21:01 Imperial Age
19:23 Bow Saw
19:02 Loom
19:22 Horse Collar
21:03 Atonement
23:36 Fervor
23:52 Town Watch
27:09 Redemption
37:12 Wheelbarrow
36:39 Heavy Plow
38:09 Scale Barding Armor
39:12 Chain Barding Armor
38:42 Fletching
39:28 Hand Cart
40:33 Plate Barding Armor
41:51 Forging
43:34 Iron Casting
44:28 Guilds
44:41 Bombard Tower
45:26 Blast Furnace
44:55 Fletching
45:27 Ballistics
45:18 Masonry
46:00 Bloodlines
45:50 Husbandry
47:00 Bodkin Arrow
47:34 Padded Archer Armor
48:28 Fortified Wall
48:49 Architecture
48:50 Bracer
48:57 Murder Holes
49:28 Stone Mining
灯窝森曾瑞卜药方松滴
5:58 Loom
8:30 Feudal Age
10:39 Wheelbarrow
10:43 Horse Collar
11:28 Double-Bit Axe
20:21 Castle Age
21:24 Bow Saw
26:03 Imperial Age
24:09 Gold Mining
24:33 Forging
24:28 Scale Barding Armor
24:34 Forging
24:29 Scale Barding Armor
24:34 Forging
25:06 Bloodlines
26:28 Iron Casting
26:36 Elite Steppe Lancer
29:05 Blast Furnace
31:05 Chain Barding Armor
37:12 Plate Barding Armor
36:26 Light Cavalry
37:21 Cavalier
37:26 Hussar
45:28 Pikeman
46:08 Squires
46:13 Scale Mail Armor
Lena
10:25 Feudal Age
14:10 Castle Age
12:27 Horse Collar
13:06 Double-Bit Axe
13:58 Gold Mining
14:14 Loom
15:23 Town Watch
15:54 Bow Saw
20:00 Sanctity
19:52 Fervor
21:07 Redemption
23:38 Wheelbarrow
34:57 Heavy Plow
36:38 Hand Cart
43:28 Imperial Age
41:16 Pikeman
41:57 Squires
42:05 Scale Mail Armor
43:08 Chain Mail Armor
43:04 Forging
43:10 Hamask
44:00 Halberdier
45:16 Plate Mail Armor
45:50 Conscription
47:01 Iron Casting
48:57 Blast Furnace
47:47 Fletching
48:29 Siege Engineers
48:01 Capped Ram
49:26 Siege Ram
Chigüiro
10:37 Feudal Age
14:14 Castle Age
12:07 Horse Collar
12:28 Double-Bit Axe
14:00 Forging
17:35 Bow Saw
22:49 Fletching
22:59 Gold Mining
23:44 Bodkin Arrow
27:28 Imperial Age
25:15 Padded Archer Armor
26:47 Ballistics
27:04 Leather Archer Armor
27:34 Gold Shaft Mining
27:37 Stone Mining
28:18 Bracer
31:52 Loom
32:43 Wheelbarrow
33:31 Ring Archer Armor
35:26 Yeomen
35:35 Scale Mail Armor
34:59 Pikeman
36:23 Conscription
35:55 Halberdier
36:36 Town Watch
37:24 Warwolf
37:41 Squires
38:47 Guilds
41:05 Chain Mail Armor
43:18 Plate Mail Armor
44:09 Chemistry
54:03 Caravan
56:02 Hand Cart
56:35 Iron Casting
55:58 Elite Longbowman
Armyofme_
8:56 Feudal Age
13:12 Castle Age
12:02 Double-Bit Axe
13:49 Fletching
13:50 Crossbowman
17:16 Bodkin Arrow
22:58 Loom
33:39 Imperial Age
33:19 Ballistics
33:42 Arbalester
34:56 Bracer
37:46 Chemistry
37:21 Padded Archer Armor
38:54 Wheelbarrow
38:05 Town Watch
39:20 Thumb Ring
41:03 Leather Archer Armor
41:01 Horse Collar
45:49 Ring Archer Armor
52:55 Bow Saw
53:32 Siege Engineers
56:40 Torsion Engines
57:03 Conscription
Tremere
10:54 Feudal Age
13:37 Castle Age
11:38 Double-Bit Axe
11:55 Horse Collar
14:49 Bow Saw
14:57 Heavy Plow
17:14 Loom
20:51 Wheelbarrow
26:12 Imperial Age
24:00 Gold Mining
24:35 Bloodlines
24:26 Husbandry
25:48 Light Cavalry
26:35 Scale Barding Armor
26:40 Forging
26:53 Hand Cart
26:23 Town Watch
26:22 Cavalier
27:41 Chain Barding Armor
27:33 Forging
29:03 Plate Barding Armor
28:28 Scale Mail Armor
29:04 Iron Casting
28:16 Hussar
31:41 Blast Furnace
31:08 Elite Battle Elephant
33:26 Tusk Swords
39:16 Chain Mail Armor
53:28 Masonry
Connection lost

Rejoining the realm…

Still unreachable

The connection could not be restored.

Session expired

The server has moved on; the page needs a fresh start.